 Dungeon Crawl Stone Soup version 0.29.0-4-gdea44cf6ec (webtiles) character file.

Game seed: 2036090998306030004

40 qw the Sneak (level 3, -1/23 HPs)
             Began as a Gargoyle Delver on Sept 10, 2022.
             Slain by an orc
             ... wielding a +0 club
              (3 damage)
             ... on level 3 of the Dungeon.
             The game lasted 00:00:30 (1098 turns).

qw the Sneak (Gargoyle Delver)                      Turns: 1098, Time: 00:00:30

Health: -1/23      AC:  6    Str: 17    XL:     3   Next: 50%
Magic:  3/3        EV: 11    Int: 10    God:
Gold:   21         SH:  0    Dex: 11    Spells: 2/2 levels left

rFire   . . .      SeeInvis .   a - +0 hand axe
rCold   . . .      Faith    .   (no shield)
rNeg    + . .      Spirit   .   b - +0 leather armour
rPois   inf        Reflect  .   (no helmet)
rElec   +          Harm     .   (no cloak)
rCorr   .          Rampage  .   (no gloves)
Will    .....                   (no boots)
Stlth   +++.......              (no amulet)
HPRegen 0.07/turn               (no ring)
MPRegen 0.08/turn               (no ring)

@: no status effects
A: sickness immunity, AC +3, negative energy resistance 1, electricity
resistance, torment resistance 1, petrification resistance
a: no special abilities


You were on level 3 of the Dungeon.
You visited 2 branches of the dungeon, and saw 4 of its levels.

You collected 21 gold pieces.


Innate Abilities, Weirdness & Mutations

You are immune to sickness and miasma.
Your stone body is resilient. (AC +3)
You are immune to poison.
You resist negative energy. (rN+)
You are resistant to electric shocks. (rElec)
You are resistant to unholy torment.
You are immune to petrification.


   Skills:
 - Level 3.2 Fighting
 + Level 3.4 Axes
 - Level 1.5 Dodging
 - Level 5.4 Stealth


You had 2 spell levels left.
You didn't know any spells.
Your spell library was empty.

Inventory:

Hand Weapons
 a - a +0 hand axe (weapon)
 d - a +0 club
Armour
 b - a +0 leather armour (worn)
 e - a +2 helmet
Wands
 g - a wand of digging (3)
Scrolls
 h - a scroll of vulnerability {unknown}
Potions
 c - 2 potions of attraction {unknown}
 f - a potion of haste

Dungeon Overview and Level Annotations

Branches:
Dungeon (5/15)             Temple (1/1) D:4

Altars:
Ashenzari
Cheibriados
Dithmenos
Elyvilon
Hepliaklqana
Kikubaaqudgha
Makhleb
Nemelex Xobeh
Qazlal
Ru
Sif Muna
Trog
Uskayaw
Vehumet
Wu Jian
Xom
Yredelemnul


Message History

The orc is moderately wounded.
The orc hits you but does no damage.
You hit the orc.
You kill the orc!
You hit the orc but do no damage. The orc hits you with a +0 club.
You completely miss the orc. The orc hits you but does no damage.
You hit the orc.
The orc is lightly wounded.
The orc hits you with a +0 club. x2
You hit the orc but do no damage.
The orc is lightly wounded.
The orc closely misses you.
You closely miss the orc.
The orc is lightly wounded.
The orc hits you but does no damage.
You barely miss the orc.
The orc is lightly wounded.
The orc closely misses you.
You hit the orc.
The orc is moderately wounded.
The orc hits you but does no damage.
You hit the orc but do no damage.
The orc is moderately wounded.
The orc hits you with a +0 club.
1096 ||| Stepping ~*~*~tactically~*~*~ (stealth).
Found 12 gold pieces.
You hear the rapid rusting of a very distant drain.
You see here a bat corpse.
The orc shouts!
You hit the orc.
The orc is severely wounded.
The orc hits you from afar with a +0 trident!
The orc hits you with a +0 club.
You hit the orc but do no damage.
The orc is severely wounded.
The orc hits you from afar with a +0 trident.
The orc hits you with a +0 club.
You die...

####### ....... .......
#..oo... .## #.......##
.... #.....<..# #....
.....o..# #.........
.####.###o##..........
$......@o)#..#........
..........#.##......#
.............#......#
.............#?.....#
.......%.#...#......####
.######.................
#.###.#.#.........
#.##..#......##... #.
#..##..).).....


You could see 2 orcs.

Vanquished Creatures
  2 adders
  An orc (D:3)
  An endoplasm (D:4)
  A giant cockroach (D:3)
  3 goblins (D:3)
  5 hobgoblins (D:3)
  A quokka (D:3)
  2 bats (D:3)
  3 kobolds
19 creatures vanquished.

Notes
Turn   | Place    | Note
-------+----------+-------------------------------------------
     0 | D:5      | qw the Gargoyle Delver began the quest for the Orb.
     0 | D:5      | Reached XP level 1. HP: 14/14 MP: 1/1
     0 | D:5      | 0 ||| qw: Version: 0.1-a-116-g5d60599
     0 | D:5      | 0 ||| qw: Game counter: 8309
     0 | D:5      | 0 ||| qw: Always use a shield: true
     0 | D:5      | 0 ||| qw: God list: Okawaru
     0 | D:5      | 0 ||| qw: Allow faded altars: false
     0 | D:5      | 0 ||| qw: Do Orc after D:15 true
     0 | D:5      | 0 ||| qw: Do second Lair branch before Depths: true
     0 | D:5      | 0 ||| qw: Lair rune preference: random
     0 | D:5      | 0 ||| qw: Plans: Normal
     0 | D:5      | 0 ||| PLANNING D:1-11
     4 | D:5      | 4 ||| DROPPING scroll of fog.
     5 | D:5      | 5 ||| DROPPING scroll of magic mapping.
     6 | D:5      | 6 ||| DROPPING scroll of fear.
    30 | D:4      | Reached XP level 2. HP: 16/19 MP: 2/2
    85 | D:4      | Found a staircase to the Ecumenical Temple.
    86 | D:4      | 86 ||| PLANNING TEMPLE
   305 | Temple   | Entered the Ecumenical Temple
   529 | Temple   | 529 ||| PLANNING D:1-11
   549 | D:3      | 549 ||| PLANNING SEWER
   590 | D:3      | 590 ||| Stepping ~*~*~tactically~*~*~ (stealth).
   591 | D:3      | 591 ||| Stepping ~*~*~tactically~*~*~ (stealth).
   651 | D:3      | 651 ||| Stepping ~*~*~tactically~*~*~ (stealth).
   653 | D:3      | 653 ||| Stepping ~*~*~tactically~*~*~ (stealth).
   732 | D:3      | Reached skill level 3 in Axes
   740 | D:3      | Reached XP level 3. HP: 18/23 MP: 3/3
   866 | D:3      | 866 ||| Stepping ~*~*~tactically~*~*~ (stealth).
   977 | D:3      | 977 ||| Stepping ~*~*~tactically~*~*~ (hiding).
  1084 | D:3      | 1084 ||| Stepping ~*~*~tactically~*~*~ (stealth).
  1096 | D:3      | 1096 ||| Stepping ~*~*~tactically~*~*~ (stealth).
  1097 | D:3      | HP: 4/23 [orc/+0 club (4)]
  1098 | D:3      | Slain by an orc

Levels and vault maps discovered:
D:3:      layout_rooms, cheibrodos_sewer_entry_sluice, uniq_ijyb
D:4:      layout_rooms, minmay_temple_entry_ruins, uniq_natasha,
          uniq_crazy_yiuf_cottage
D:5:      layout_basic
Temple:   minmay_temple_bridge_d

Skill      XL: |  1  2 |
---------------+-------+-----
Axes           | 2 3 |  3.4
Fighting       | |  3.2
Dodging        | |  1.5
Stealth        | |  5.4

Action                   || total
-------------------------++-------
Melee: Hand axe          ||    85
       Punch             ||     2
 Stab: Sleeping          ||     2
Armor: Leather armour    ||    28
Dodge: Dodged            ||    35

Table legend:
 A = Non-vault XP
 B = Vault XP
 C = Vault XP percentage of total XP
 D = Non-vault monster count
 E = Vault monster count
 F = Vault count percentage of total count
                 A         B        C        D         E       F
            +---------+---------+-------+---------+---------+-------
      Total |      57 |       1 |   1.7 |      18 |       1 |   5.3
            +---------+---------+-------+---------+---------+-------
        D:3 |      39 |       1 |   2.5 |      14 |       1 |   6.7
        D:4 |      18 |       0 |   0.0 |       4 |       0 |   0.0
            +---------+---------+-------+---------+---------+-------
